 Dungeon Crawl Stone Soup: Circus Animals version 1.7-37-g2c94cca (webtiles) character file.

40060 DarthKuruptios the Thaumaturge (level 16, -5/164 HPs) *STANDARD*
             Began as a High Elf Conjurer on Oct 18, 2016.
             Was an Initiate of Sif Muna.
             Slain by a naga warrior
             ... wielding a +0 dire flail
              (34 damage)
             ... on level 2 of the Snake Pit on Oct 19, 2016.
             The game lasted 02:47:39 (30973 turns).

DarthKuruptios the Thaumaturge (High Elf Conjurer) Turns: 30973, Time: 02:47:40

Health: -5/164     AC: 11    Str: 12    XL:     16   Next: 91%
Magic:  64/150     EV: 21    Int: 25    God:    Sif Muna [......]
Gold:   2429       SH:  0    Dex: 28    Spells: 4 memorised, 27 levels left

rFire  . . .     rPois    +     J - +8 quarterstaff of Deformation {crush, rC- Str+5 Int-3 Dex+4}
rCold  . . .     rElec    .     l - +2 robe {rC+}
rNeg   . . .     rCorr    .     (shield currently unavailable) MagicSh . . . SeeInvis .
                                h - +1 helmet StaminaSh . . . Faith .
                                k - +1 cloak RegenHP ++++......
SustAt .                        c - +0 pair of gloves RegenSP +++....... Dismiss .
                                y - +0 pair of boots RegenMP ++++...... Reflect .
                                (no amulet)
MR     +....     Harm     .     t - +5 ring of dexterity
Stlth  +++.......               s - ring of poison resistance

@: lethally poisoned (-5 -> -5), slow, somewhat resistant to hostile
enchantments, fairly stealthy
A: clever 2, magic link, clean dna 2, focussed dna 3
a: Renounce Religion


You were on level 2 of the Snake Pit.
You worshipped Sif Muna.
Sif Muna was noncommittal.
You were not hungry.

You visited 4 branches of the dungeon, and saw 23 of its levels.
You also visited: Labyrinth, Ice Cave and Volcano.

You collected 4187 gold pieces.
You spent 1758 gold pieces at shops.

Inventory:

Hand Weapons
 a - a +2 long sword of slicing
 i - a +2 vampiric long sword
 A - the +3 mace of Unack {crush, *Confuse +Inv rN+}
   (You found it on level 5 of the Lair of Beasts)

   It inflicts extra damage upon your enemies.
   It protects you from negative energy.
   It lets you turn invisible.
   It may confuse you when you take damage.
 J - the +8 quarterstaff of Deformation (weapon) {crush, rC- Str+5 Int-3 Dex+4}
   (You found it on level 6 of the Lair of Beasts)

   It inflicts extra damage upon your enemies.
   It affects your strength (+5).
   It affects your intelligence (-3).
   It affects your dexterity (+4).
   It makes you vulnerable to cold.
 N - a +2 long sword of feathers
Missiles
 g - 21 silver javelins
Armour
 c - a +0 pair of gloves (worn)
 e - a +0 plate armour of positive energy
 h - a +1 helmet (worn)
 k - a +1 cloak (worn)
 l - a +2 robe of cold resistance (worn)
 y - a +0 pair of boots (worn)
Magical Staves
 d - an uncursed staff of earth
 H - an uncursed staff of time
 L - an uncursed staff of summoning
Rods
 F - a +1 rod of inaccuracy (10/10)
   (You found it in a labyrinth)
Jewellery
 b - an uncursed ring of wizardry
 f - an uncursed ring of ice
 m - an uncursed ring of protection from fire
 n - an uncursed ring of positive energy
 o - the ring of Shaolin {EV+8}
   (You took it off a salamander on level 1 of the Snake Pit)

   [ring of evasion]

   It affects your evasion (+8).
 s - a ring of poison resistance (left hand)
 t - a +5 ring of dexterity (right hand)
 B - an uncursed ring of protection from magic
 C - a +3 ring of dexterity
Wands
 q - a wand of teleportation (3/9)
 x - a wand of disintegration (44/72)
 G - a wand of digging (21/48)
Scrolls
 b - a scroll of summoning
 f - 4 scrolls of teleportation
 h - 7 scrolls of remove curse
 l - 2 scrolls of fog
 m - 3 scrolls of enchant armour
 n - a scroll of blinking
 q - 2 scrolls of recharging
 r - 3 scrolls of immolation
 s - 3 scrolls of enchant weapon
 v - a scroll of amnesia
 D - 2 scrolls of fear
 E - 2 scrolls of noise
 F - a scroll of identify
Potions
 c - 8 potions of stamina
 d - 10 potions of magic
 e - 8 potions of flight
 g - 7 potions of agility
 i - 4 potions of might
 j - 11 potions of curing
 k - 5 potions of haste
 o - 9 potions of ambrosia
 p - 8 potions of brilliance
 u - a potion of mutation
 w - 4 potions of lignification
 x - 2 potions of invisibility
 z - 2 potions of berserk rage
 A - 3 potions of resistance
 B - 3 potions of cure mutation
 C - 2 potions of cancellation
 J - 4 potions of weak mutation
Books
 a - a book of Conjurations

   Spells                             Type                      Level
   a - Magic Dart                     Conjuration                  1
   b - Searing Ray                    Conjuration/Light            2
   c - Dazzling Spray                 Conjuration/Hexes/Light      3
   d - Fulminant Prism                Conjuration/Hexes/Time       4
   e - Iskenderun's Mystic Blast      Conjuration/Ice              4
   f - Iskenderun's Battlesphere      Conjuration/Charms/Light     5
 t - a book of the Warp

   Spells                             Type                      Level
   a - Recall                         Summoning/Translocation      3
   b - Portal Projectile              Translocation/Air            3
   c - Gell's Gravitas                Hexes/Translocation          3
   d - Force Lance                    Conjuration/Translocation    4
   e - Warp Weapon                    Charms/Translocation         5
   f - Summon Forest                  Summoning/Translocation/Earth 5
 y - a book of Beasts

   Spells                             Type                      Level
   a - Summon Butterflies             Summoning/Air                1
   b - Call Canine Familiar           Summoning/Earth              3
   c - Summon Ice Beast               Ice/Summoning                4
   d - Summon Mana viper              Hexes/Summoning              5
   e - Summon Hydra                   Summoning                    7
 G - Vuffod's Incunabulum of Moulding and Darkness
   (You found it on level 7 of the Lair of Beasts)

   Spells                             Type                      Level
   a - Call Imp                       Summoning/Darkness           2
   b - Corpse Rot                     Transmutation/Necromancy     2
   c - Spider Form                    Transmutation/Poison         3
   d - Cause Fear                     Hexes/Darkness               4
   e - Animate Dead                   Transmutation/Necromancy     4
   f - Yara's Violent Unravelling     Hexes/Transmutation          5
   g - Invisibility                   Charms/Transmutation/Darkness 6
 H - the Handbook of Shape Shifting
   (You found it in a labyrinth)

   Spells                             Type                      Level
   a - Spider Form                    Transmutation/Poison         3
   b - Animate Dead                   Transmutation/Necromancy     4
   c - Yara's Violent Unravelling     Hexes/Transmutation          5
 I - a book of Maledictions

   Spells                             Type                      Level
   a - Corona                         Hexes/Light                  1
   b - Ensorcelled Hibernation        Hexes/Ice/Time               2
   c - Confuse                        Hexes/Darkness               3
   d - Tukima's Dance                 Hexes/Summoning              3
   e - Dazzling Spray                 Conjuration/Hexes/Light      3
Miscellaneous
 j - a phantom mirror
 K - a box of beasts
 M - a fan of gales


   Skills:
 + Level 9.3 Fighting
   Level 0.5 Short Blades
 - Level 7.2 Long Blades
 + Level 6.3 Staves
 + Level 5.9 Armour
 * Level 8.2 Dodging
 - Level 3.1 Stealth
 + Level 13.0 Spellcasting
 + Level 11.1 Conjurations
 + Level 8.6 Hexes
 + Level 8.4 Charms
 - Level 7.2 Time Magic


You had 27 spell levels left.
You knew the following spells:

 Your Spells              Type           Power        Failure   Level  Hunger
a - Magic Dart            Conj           #.........   1%          1    ##.....
b - Fulminant Prism       Conj/Hex/Time  #.........   3%          4    ###....
c - Iskenderun's          Battles        Conj/Chrm/Light#......... 6%          5    ###....
d - Iskenderun's Mystic   Conj/Ice       #.........   3%          4    ###....


Dungeon Overview and Level Annotations

Branches:
Dungeon (7/7)               Dwarf (0/4) Orc:6           Elf (0/4) Orc:5
 Forest (0/7) Orc:7          Lair (7/7) D:7             Orc (7/7) Lair:7
 Shoals (0/4) Lair:5        Snake (2/4) Lair:5       Spider (0/4) Orc:3
  Swamp (0/4) Lair:5

Altars:
Makhleb
Nemelex Xobeh
Okawaru
Sif Muna
Uskayaw
Zin
The Shining One
Beogh
Lugonu

Shops:
Orc:1 [   Orc:7 ((?*


Innate Abilities, Weirdness & Mutations

You have a better chance of losing mutations.
New mutations are dramatically more likely to enhance existing mutations.
Your mind is very acute. (Int +4)
When low on magic, you restore magic in place of health.


Message History

(hp-1)
You feel sick. The naga warrior spits poison at you.
The splash of poison misses you. (hp-1)
You feel sick. The naga spits poison at you. The splash of poison misses you.
The naga warrior spits poison at you. The splash of poison hits you!
You resist.
The salamander shoots an arrow.
The arrow hits you! (hp-10)
The arrow burns you. (hp-1)
There is a stone staircase leading up here.
The orb of energy hits the naga warrior. (mon hp-21) (hp-1)
You feel sick.
The naga sharpshooter casts a spell.
The naga sharpshooter magically shoots a steel bolt.
The steel bolt hits you! (hp-18) Damage (18) was greater than 30% of your hp (36)!!!
* * * LOW HITPOINT WARNING * * *; The naga misses you.
The salamander shoots an arrow.
The arrow hits you. (hp-6)
* * * LOW HITPOINT WARNING * * *; The arrow burns you. (hp-2)
* * * LOW HITPOINT WARNING * * *
The naga completely misses you.
The naga warrior hits you with a dire flail!! (hp-34)
You die...

.............#
.............#
.............####
#...............
#..............
#..............
##..............
#.......@.......
........N........
........N........
.................
.........####....
.....N.NN# ....
...#..)..# ...
...#.....# ..
....)...#


You could see a naga warrior, 2 naga sharpshooters, a salamander and a naga.

Vanquished Creatures
  Rupert (Orc:7)
  Maud (Orc:2)
  4 orc warlords
  3 stone giants
  7 ettins
  8 naga warriors
  A minotaur (Lab)
  An anaconda (Snake:1)
  17 hydras
  4 catoblepae (Lair:7)
  3 naga sharpshooters (Snake:1)
  43 death yaks
  2 shock serpents (Snake:1)
  Erolcha (Orc:4)
  11 orc high priests
  A hell knight (Volcano)
  A fire crab (Lair:7)
  4 mana vipers (Snake:1)
  An ugly thing (IceCv)
  4 salamanders
  Pikel (Lair:1)
  16 orc knights
  A guardian serpent (Snake:1)
  A lindwurm (Lair:7)
  7 naga magi (Snake:1)
  2 griffons
  11 orc sorcerers
  10 cyclopes
  2 toenail golems (Volcano)
  40 elephants
  23 black mambas
  3 torpor snails
  2 molten gargoyles (Volcano)
  Maurice (Orc:1)
  24 spiny frogs
  Psyche (Orc:5)
  8 rime drakes
  12 komodo dragons
  3 boulder beetles
  A polar bear (Lair:4)
  18 trolls
  Grinder (D:7)
  12 two-headed ogres
  46 blink frogs
  57 yaks
  8 spriggans (Lair:5)
  3 wyverns
  9 hungry ghosts
  3 basilisks
  9 hippogriffs
  5 swamp worms (Lair:5)
  16 wolves
  23 wargs
  21 nagas
  A hell hound (Volcano)
  17 water moccasins
  2 phantoms (D:4)
  17 porcupines
  A black bear (D:6)
  15 ice beasts
  40 ogres
  A sky beast (D:6)
  88 orc warriors
  A wasp (Lair:5)
  24 crocodiles
  12 centaurs
  14 giant frogs
  A wyvern zombie (D:6)
  2 scorpions (Orc:3)
  An electric eel (Lair:5)
  A wasp zombie (D:7)
  4 hounds
  A giant frog zombie (D:6)
  3 lava snakes (Volcano)
  5 crimson imps
  A giant frog skeleton (D:4)
  2 gnoll shamans
  A jelly (D:7)
  43 orc priests
  11 iguanas
  60 orc wizards
  8 worker ants
  76 sheep
  2 hound skeletons
  A worker ant zombie (D:6)
  A dart slug (D:3)
  Robin (D:3)
  8 giant geckos
  314 orcs
  13 adders
  13 bats
  12 giant cockroaches
  24 gnolls
  19 goblins
  16 hobgoblins
  18 jackals
  8 quokkas
  46 river rats
  2 shadow imps (D:6)
  3 worms
  3 adder skeletons
  2 adder zombies (D:5)
  4 ball pythons
  A giant gecko skeleton (D:3)
  A giant gecko zombie (D:6)
  11 giant newts
  A jackal skeleton (D:6)
  12 kobolds
  A quokka zombie (D:3)
  12 rats
  A bush (Lair:7)
  19 fungi
  18 plants
1558 creatures vanquished.

Vanquished Creatures (others)
  A warg (Orc:7)
  4 slaves (Lair:1)
  A giant frog (Lair:1)
  A hound (Lair:1)
  2 sheep (Orc:5)
  An orc (Orc:3)
  4 river rats (Lair:1)
  247 fulminant prisms
  7 fungi
  6 plants
274 creatures vanquished.

Grand Total: 1832 creatures vanquished

Notes
Turn   | Place    | Note
-------+----------+-------------------------------------------
     0 | D:1      | DarthKuruptios the High Elf Conjurer began the quest for the Orb.
     0 | D:1      | Reached XP level 1. HP: 29/29 MP: 150/150
   339 | D:1      | Reached XP level 2. HP: 38/38 MP: 143/150
   997 | D:2      | Reached XP level 3. HP: 47/47 MP: 146/150
  1634 | D:2      | Found a sparkling altar of Nemelex Xobeh.
  1634 | D:2      | Found an iron altar of Okawaru.
  2505 | D:3      | Reached XP level 4. HP: 56/56 MP: 128/150
  2506 | D:3      | Noticed Robin
  2521 | D:3      | Killed Robin
  2578 | D:3      | Learned a level 4 spell: Fulminant Prism
  2884 | D:3      | Reached XP level 5. HP: 65/65 MP: 72/150
  3166 | D:3      | Learned a level 5 spell: Iskenderun's Battlesphere
  3413 | D:4      | Reached skill level 1 in Fighting
  3469 | D:4      | Reached skill level 1 in Long Blades
  3646 | D:4      | Reached skill level 1 in Time Magic
  4557 | D:4      | Reached skill level 4 in Spellcasting
  4557 | D:4      | Reached skill level 1 in Hexes
  4567 | D:4      | Reached XP level 6. HP: 74/74 MP: 46/103
  4615 | D:5      | Entered Level 5 of the Dungeon
  4676 | D:5      | Reached skill level 5 in Conjurations
  4931 | D:5      | Found a hide-covered altar of Uskayaw.
  5117 | D:5      | Found a glowing silver altar of Zin.
  5483 | D:6      | HP: 7/74 [orc warrior/trident (4)]
  5846 | D:6      | Reached XP level 7. HP: 67/83 MP: 1/150
  6497 | D:6      | Learned a level 4 spell: Iskenderun's Mystic Blast
  7075 | D:7      | Entered Level 7 of the Dungeon
  7958 | D:7      | Noticed Grinder
  7962 | D:7      | Paralysed by Grinder for 2 turns
  7964 | D:7      | Killed Grinder
  7966 | D:7      | Noticed a komodo dragon
  7968 | D:7      | Found a staircase to the Lair.
  7977 | D:7      | Killed a komodo dragon
  8234 | Lair:1   | Entered Level 1 of the Lair of Beasts
  8330 | Lair:1   | Noticed a spiny frog
  8333 | Lair:1   | Killed a spiny frog
  8415 | Lair:1   | Noticed a spiny frog
  8417 | Lair:1   | Killed a spiny frog
  8417 | Lair:1   | Reached skill level 5 in Spellcasting
  8417 | Lair:1   | Reached XP level 8. HP: 91/91 MP: 71/106
  8417 | Lair:1   | Noticed Pikel
  8420 | Lair:1   | Killed Pikel
  9000 | Lair:1   | Reached XP level 9. HP: 100/100 MP: 76/106
 10458 | Lair:2   | Reached skill level 6 in Spellcasting
 10594 | Lair:2   | Found a glowing golden altar of the Shining One.
 10806 | Lair:2   | Noticed a death yak
 10810 | Lair:2   | Noticed a death yak
 11359 | Lair:2   | Killed a death yak
 11361 | Lair:2   | Killed a death yak
 11361 | Lair:2   | Reached XP level 10. HP: 98/110 MP: 66/108
 12335 | Lair:3   | Reached skill level 7 in Spellcasting
 12940 | Lair:3   | Noticed a three-headed hydra
 12944 | Lair:3   | Killed a three-headed hydra
 13302 | Lair:3   | Reached XP level 11. HP: 77/119 MP: 71/108
 14155 | Lair:4   | Noticed a death yak
 14157 | Lair:4   | Noticed a death yak
 14157 | Lair:4   | Noticed a death yak
 14158 | Lair:4   | Noticed a death yak
 14159 | Lair:4   | Noticed a death yak
 14159 | Lair:4   | Noticed a death yak
 14161 | Lair:4   | Killed a death yak
 14161 | Lair:4   | Reached skill level 5 in Long Blades
 14161 | Lair:4   | Killed a death yak
 14161 | Lair:4   | Reached skill level 8 in Spellcasting
 14163 | Lair:4   | Killed a death yak
 14163 | Lair:4   | Reached skill level 5 in Time Magic
 14163 | Lair:4   | Killed a death yak
 14164 | Lair:4   | Killed a death yak
 14170 | Lair:4   | Killed a death yak
 14423 | Lair:4   | Noticed a three-headed hydra
 14426 | Lair:4   | Killed a three-headed hydra
 14561 | Lair:4   | Noticed a death yak
 14562 | Lair:4   | Noticed a death yak
 14567 | Lair:4   | Noticed a death yak
 14567 | Lair:4   | Noticed a death yak
 14568 | Lair:4   | Noticed a death yak
 14569 | Lair:4   | Noticed a death yak
 14571 | Lair:4   | Killed a death yak
 14572 | Lair:4   | Killed a death yak
 14572 | Lair:4   | Reached XP level 12. HP: 98/128 MP: 39/111
 14572 | Lair:4   | Reached skill level 5 in Fighting
 15037 | Lair:5   | Found a staircase to the Shoals.
 15183 | Lair:5   | Reached skill level 9 in Spellcasting
 15229 | Lair:5   | Got a bloodstained mace
 15230 | Lair:5   | Identified the +3 mace of Unack {crush, *Confuse +Inv rN+} (You found it on level 5 of the Lair of Beasts)
 15372 | Lair:5   | Found a deep blue altar of Sif Muna.
 15393 | Lair:5   | Found a staircase to the Snake Pit.
 15820 | Lair:5   | Reached skill level 5 in Hexes
 15899 | Lair:5   | Reached XP level 13. HP: 137/137 MP: 78/115
 15902 | Lair:5   | Reached skill level 10 in Conjurations
 16444 | Lair:5   | Found a staircase to the Swamp.
 16854 | Lair:5   | Reached skill level 10 in Spellcasting
 17036 | Lair:6   | Found a labyrinth entrance.
 17060 | Lab      | Entered a labyrinth
 17447 | Lab      | Got a translucent leather armour
 17458 | Lab      | Identified the +1 leather armour of Siacoef {Str+2 SP+25} (You found it in a labyrinth)
 17526 | Lab      | Identified the Handbook of Shape Shifting
 17845 | Lair:6   | Got a blackened quarterstaff
 17846 | Lair:6   | Identified the +8 quarterstaff of Deformation {crush, rC- Str+5 Int-3 Dex+4} (You found it on level 6 of the Lair of Beasts)
 18220 | Lair:6   | Reached skill level 1 in Staves
 18249 | Lair:6   | Reached skill level 1 in Charms
 18249 | Lair:6   | Reached XP level 14. HP: 113/146 MP: 62/113
 18288 | Lair:6   | Reached skill level 1 in Armour
 18965 | Lair:6   | Identified a +1 rod of inaccuracy (10/10) (You found it in a labyrinth)
 19590 | Lair:6   | Gained mutation: Your mind is acute. (Int +2) [potion of mutation]
 19590 | Lair:6   | Gained mutation: When low on magic, you restore magic in place of health. [potion of mutation]
 19590 | Lair:6   | Gained mutation: Your mind is very acute. (Int +4) [potion of mutation]
 19659 | Lair:7   | Entered Level 7 of the Lair of Beasts
 19681 | Lair:7   | Reached skill level 11 in Spellcasting
 20770 | Lair:7   | Identified Vuffod's Incunabulum of Moulding and Darkness
 20917 | Lair:7   | Reached skill level 5 in Dodging
 20932 | Lair:7   | Reached XP level 15. HP: 155/155 MP: 92/118
 21360 | Lair:7   | Reached skill level 5 in Charms
 21439 | Lair:7   | Found a staircase to the Orcish Mines.
 22145 | Orc:1    | Entered Level 1 of the Orcish Mines
 22145 | Orc:1    | Found Veucs's Antique Armour Emporium.
 22288 | Orc:1    | Noticed Maurice
 22291 | Orc:1    | Killed Maurice
 22328 | Orc:1    | Found a burning altar of Makhleb.
 22449 | Orc:2    | Noticed Maud
 22457 | Orc:2    | Killed Maud
 22533 | Orc:1    | Found a dark tunnel.
 22543 | Volcano  | Entered a volcano
 22814 | Volcano  | Found a burning altar of Makhleb.
 23744 | Orc:3    | Found a hole to the Spider Nest.
 24195 | Orc:4    | Found a frozen archway.
 24238 | IceCv    | Entered an ice cave
 24451 | Orc:5    | Reached skill level 12 in Spellcasting
 24589 | Orc:4    | Noticed Erolcha
 24590 | Orc:4    | Killed Erolcha
 24609 | Orc:4    | Paralysed by an orc sorcerer for 5 turns
 24662 | Orc:4    | Found a roughly hewn altar of Beogh.
 24958 | Orc:3    | Found a roughly hewn altar of Beogh.
 25044 | Orc:2    | Found a corrupted altar of Lugonu.
 25452 | Orc:5    | Found a staircase to the Elven Halls.
 25458 | Orc:5    | Noticed Psyche
 25545 | Orc:5    | Reached skill level 5 in Staves
 25548 | Orc:5    | Killed Psyche
 25858 | Orc:7    | Entered Level 7 of the Orcish Mines
 25875 | Orc:7    | Gained mutation: New mutations are dramatically more likely to enhance existing mutations. [a neqoxec]
 25885 | Orc:7    | Reached XP level 16. HP: 164/164 MP: 144/150
 25894 | Orc:7    | Reached skill level 5 in Armour
 26238 | Orc:6    | Found an iron altar of Okawaru.
 26355 | Orc:6    | Found a staircase to the Dwarven Fortress.
 26587 | Orc:7    | Noticed Rupert
 26599 | Orc:7    | Killed Rupert
 26772 | Orc:7    | Found a staircase to the Enchanted Forest.
 27237 | Orc:7    | Found Kautsit's Antique Weapon Shop.
 27237 | Orc:7    | Found Cahuk's Magic Scroll Shoppe.
 27239 | Orc:7    | Found Ostuteng's Assorted Antiques.
 27241 | Orc:7    | Found Emihah's Weapon Boutique.
 27252 | Orc:7    | Bought a scroll of summoning for 180 gold pieces
 27252 | Orc:7    | Bought a scroll of magic mapping for 66 gold pieces
 27252 | Orc:7    | Bought a scroll of magic mapping for 66 gold pieces
 27252 | Orc:7    | Bought a scroll of fear for 66 gold pieces
 27254 | Orc:7    | Bought a potion of curing for 90 gold pieces
 27254 | Orc:7    | Bought a potion of curing for 90 gold pieces
 27254 | Orc:7    | Bought a scroll of teleportation for 90 gold pieces
 27254 | Orc:7    | Bought a thin brass amulet for 150 gold pieces
 27254 | Orc:7    | Bought a scroll of identify for 60 gold pieces
 27254 | Orc:7    | Bought a phantom mirror for 900 gold pieces
 27793 | Snake:1  | Entered Level 1 of the Snake Pit
 28970 | Snake:1  | Reached skill level 13 in Spellcasting
 30857 | Lair:5   | Became a worshipper of Sif Muna the Loreminder
 30973 | Snake:2  | Slain by a naga warrior

Skill      XL: |  1  2  3  4  5  6  7  8  9 10 11 12 13 14 15 16 |
---------------+-------------------------------------------------+-----
Stealth        | 3 |  3.1
Fighting       | 1 2 3 4 5 6 7 8 9 |  9.3
Long Blades    | 1 2 3 4 5 6 7 |  7.2
Time Magic     | 1 2 3 4 5 6 7 |  7.2
Spellcasting   | 4 5 6 7 8 9 10 11 12 13 | 13.0
Hexes          | 1 2 3 4 5 6 7 8 |  8.6
Conjurations   | 5 6 7 8 9 10 11 | 11.1
Staves         | 1 3 5 6 |  6.3
Charms         | 1 4 6 8 |  8.4
Armour         | 3 4 5 |  5.9
Dodging        | 5 6 8 |  8.2
Short Blades   | |  0.5

Action                   |  1- 3 |  4- 6 |  7- 9 | 10-12 | 13-15 | 16-18 || total
-------------------------+-------+-------+-------+-------+-------+-------++-------
Melee: Unarmed           |     2 |       |       |       |       |       ||     2
       Long sword        |       |    53 |    29 |    58 |    30 |       ||   170
       Quarterstaff      |       |       |       |       |     9 |       ||     9
 Cast: Magic Dart        |   107 |   217 |    82 |    53 |     2 |       ||   461
       Fulminant Prism   |       |     7 |    18 |   122 |   100 |       ||   247
       Iskenderun's Batt |       |     5 |     6 |    15 |    57 |    19 ||   102
       Iskenderun's Myst |       |       |   125 |   155 |   914 |   448 ||  1642
  Use: Scroll            |    10 |     6 |     7 |     5 |     6 |     4 ||    38
       Potion            |       |     3 |     1 |       |     3 |       ||     7
Armor: Robe              |     4 |    30 |     7 |    21 |    99 |    69 ||   230
Dodge: Dodged            |    18 |   134 |    38 |   109 |   704 |   590 ||  1593
